 Dungeon Crawl Stone Soup version 0.30-b1-2-g02819fbbbe (webtiles) character file.

Game seed: 6631250428958218012

2348 MackTheKnife the Slicer (level 9, -1/69 HPs)
             Began as a Vine Stalker Berserker on May 18, 2023.
             Was a Believer of Trog.
             Succumbed to a killer bee's poison
             ... on level 9 of the Dungeon.
             The game lasted 00:08:15 (1868 turns).

MackTheKnife the Slicer (Vine Stalker Berserker)    Turns: 1868, Time: 00:08:16

Health: -1/69      AC: 11    Str: 21    XL:     9   Next: 43%
Magic:  6/10       EV:  6    Int:  7    God:    Trog [**....]
Gold:   183        SH:  0    Dex: 17    Spells: 8/8 levels left

rFire   . . .        a - +0 short sword {short}
rCold   . . .        (no shield)
rNeg    . . .        d - +0 plate armour
rPois   .            (no helmet)
rElec   .            (no cloak)
rCorr   .            e - +0 pair of gloves
SInv    .            (no boots)
Will    ++++.        (no amulet) Stlth
                     c - ring of willpower
HPRegen 2.11/turn    (no ring)
MPRegen 0.12/turn

%: guardian spirit
@: berserking, lethally poisoned (-1 -> -6), strong-willed, regenerating,
studying Short Blades, very quick
A: fangs 3, regeneration 1, magic shield, antimagic bite, no potion heal 2
a: Renounce Religion, Berserk, Trog's Hand


You were on level 9 of the Dungeon.
You worshipped Trog.
Trog was pleased with you.
You visited 1 branch of the dungeon, and saw 9 of its levels.

You collected 183 gold pieces.


Innate Abilities, Weirdness & Mutations

You have razor-sharp teeth.
Your natural rate of healing is unusually fast.
When hurt, damage is shared between your health and your magic reserves.
Your bite disrupts and absorbs the magic of your enemies.
Potions cannot restore your health.


   Skills:
 + Level 4.7 Fighting
 - Level 12.8 Short Blades
 - Level 1.5 Armour
 - Level 1.5 Dodging


You had 8 spell levels left.
You didn't know any spells.
Your spell library was empty.

Inventory:

Hand Weapons
 a - a +0 short sword (weapon) {short}
 u - a +3 dagger {short}
   (You took it off an orc wizard on level 8 of the Dungeon)
Armour
 d - a +0 plate armour (worn)
   (You found it on level 1 of the Dungeon)
 e - a +0 pair of gloves (worn)
   (You found it on level 1 of the Dungeon)
 o - a +0 ring mail
   (You found it on level 7 of the Dungeon)
Jewellery
 c - a ring of willpower (left hand)
   (You found it on level 1 of the Dungeon)
Wands
 v - a wand of charming (4)
   (You found it on level 9 of the Dungeon)
Scrolls
 g - 2 scrolls of amnesia
 i - a scroll of blinking {!r}
 j - 2 scrolls of identify {@r1}
 m - a scroll of immolation {unknown}
 q - a scroll of poison {unknown}
 r - 2 scrolls of fog
Potions
 b - 2 potions of lignification {unknown}
 f - 2 potions of might {unknown}
 h - a potion of brilliance {unknown}
 k - a potion of degeneration {unknown}
 l - a potion of curing {unknown}
 n - a potion of mutation {unknown}
 p - a potion of cancellation {unknown}
 t - a potion of heal wounds {unknown}

Dungeon Overview and Level Annotations

Branches:
Dungeon (9/15) Zot: 26674
 Temple: D:4-7         Lair: D:8-11         Orc: D:9-12

Altars:
Cheibriados
Gozag
Nemelex Xobeh
Okawaru

Annotations:
D:7 4 runed translucent doors

##).# #######...######. #...#
##......... ....####
##......... .......#
####.......... #..###'####
####.............
#.##.....##.#...........#####
.##...8...##..........###
.#.........#..........#
##.⌠._._.⌠.#....@.†...##
#.........#.###.####..#
##...8...##.########..#
##.....## #..........###
####### .........y...###.
.................
........y........
?......<.........
.......).........


There were no monsters in sight!


Message History

😨 HP[-1]
You take 1 damage, and now have 25/67 hp.
You hit the killer bee. You bite the killer bee! You drain its power.
You feel invigorated.
You feel sick.
The killer bee stings you but does no damage.
The killer bee barely misses you. 😨 HP[-1] MP[+7]
You take 1 damage, and now have 24/67 hp.
Your mp is fully restored (10).
You feel sick.
The howler monkey hits you but does no damage. 😨 HP[+1] Unknown command.
You barely miss the howler monkey.
You feel sick. The killer bee stings you.
* * * LOW HITPOINT WARNING * * *
You are more poisoned.
The killer bee poisons you! 😨 HP[-3] MP[-1]
You take 3 damage, and now have 22/67 hp.
You lost 1 mp, and now have 9/10 mp.
You closely miss the howler monkey.
You feel sick.
The killer bee stings you but does no damage.
The killer bee barely misses you. 😨 HP[-1]
You take 1 damage, and now have 21/67 hp.
You closely miss the howler monkey. You bite the howler monkey!
You drain its power.
You feel invigorated.
You feel sick.
The howler monkey hits you but does no damage. 😨 MP[+1]
Your mp is fully restored (10).
Unknown command.
You hit the killer bee. You bite the killer bee.
You kill the killer bee!
Trog accepts your kill.
You feel sick. The killer bee stings you!
* * * LOW HITPOINT WARNING * * *
You are more poisoned.
The killer bee poisons you! 😱 HP[-6] MP[-3]
You take 6 damage, and now have 15/67 hp.
You lost 3 mp, and now have 7/10 mp.
You hit the howler monkey.
You kill the howler monkey!
Trog accepts your kill.
You feel very sick.
The killer bee barely misses you. 😱 HP[-1]
You now have 69 max hp (+2).
Unknown command.
You hit the killer bee. Your bite misses the killer bee.
You feel sick. 😱 HP[-2]
You take 2 damage, and now have 12/69 hp.
Unknown command.
You puncture the killer bee! Your bite misses the killer bee.
You feel sick. The killer bee stings you!
* * * LOW HITPOINT WARNING * * *
You are more poisoned.
The killer bee poisons you!
The killer bee stings you but does no damage. 😱 HP[-6] MP[-2]
You take 6 damage, and now have 6/69 hp.
You lost 2 mp, and now have 5/10 mp.
You are too berserk!
You barely miss the killer bee. Your bite misses the killer bee.
* * * LOW HITPOINT WARNING * * *
You feel sick. 😱 HP[-1]
You take 1 damage, and now have 5/69 hp.
Unknown command.
You hit the killer bee.
You feel the power of Trog in you as your rage grows.
You kill the killer bee!
Trog accepts your kill.
* * * LOW HITPOINT WARNING * * *
You feel sick.
The killer bee stings you but does no damage. 😱 HP[-2] MP[+1]
You take 2 damage, and now have 3/69 hp.
Unknown command.
You hit the killer bee.
* * * LOW HITPOINT WARNING * * *
You feel sick.
The killer bee stings you but does no damage. 😱 HP[-1]
You take 1 damage, and now have 2/69 hp.
Unknown command.
You miss the killer bee.
* * * LOW HITPOINT WARNING * * *
You feel sick.
The killer bee stings you but does no damage.
Unknown command. 😱 HP[-1]
You take 1 damage, and now have 1/69 hp.
You hit the killer bee. You bite the killer bee!
You kill the killer bee!
Trog accepts your kill.
* * * LOW HITPOINT WARNING * * *
You feel sick.
Unknown command.
You die...

Skill      XL: |  1  2  3  4  5  6  7  8  9 |
---------------+----------------------------+-----
Short Blades   | 3 4 5 6 7 8 12 | 12.8
Fighting       | 4 |  4.7
Armour         | |  1.5
Dodging        | |  1.5

Action                     |  1- 3 |  4- 6 |  7- 9 || total
---------------------------+-------+-------+-------++-------
  Melee: Short sword       |    46 |   143 |   347 ||   536
         Bite              |     9 |    45 |    86 ||   140
         Punch             |       |     1 |     3 ||     4
 Invoke: Berserk           |     2 |     1 |     7 ||    10
         Trog's Hand       |       |       |     3 ||     3
  Evoke: Wand              |       |       |     1 ||     1
    Use: Scroll            |       |       |     3 ||     3
 Armour: Plate armour      |    28 |    71 |   176 ||   275
         Animal skin       |     4 |       |       ||     4
  Dodge: Dodged            |    19 |    30 |    83 ||   132

Levels and vault maps discovered:
D:1:      lightli_arrival_maybe_door_vault, layout_basic
D:2:      layout_rooms, dreamdust_ecumenical_altar_grove, uniq_natasha
D:3:      layout_rooms, amcnicky_altar_gilded, tso_metal_star,
          nicolae_elyvilon_temple_path, slow_altar_2
D:4:      layout_rooms, ebering_ghost_sewer_f, minmay_tree_intersection,
          uniq_sigmund
D:5:      kb_forest_paths, layout_basic, mainiacjoe_overflow_small_starburst,
          vehumet_statue, lemuel_coloured_pillars_altar, kennysheep_mini_moat,
          uniq_ijyb
D:6:      layout_cave_pools, mainiacjoe_overflow_chevrons,
          minmay_temple_entry_enclosed_plants, nicolae_elemental_shop,
          nicolae_concentric_dashed_squares_wild, minmay_manual_monstrance
D:7:      lemuel_bear_cage, layout_gridville, mainiacjoe_overflow_cross_hatched,
          nicolae_eternal_life, kennysheep_small_spiral, minmay_misc_feat_tiny,
          minmay_statues_item
D:8:      layout_loops_ring, grunt_temple_overflow_champion_of_chaos
D:9:      layout_layer_cave, grunt_temple_overflow_opulence

Notes
Turn   | Place    | Note
-------+----------+-------------------------------------------
     0 | D:1      | MackTheKnife the Vine Stalker Berserker began the quest for
                  | the Orb.
     0 | D:1      | Reached XP level 1. HP: 11/11 MP: 2/2
     0 | D:1      | magus.rc [v1.9.6]
    65 | D:1      | Reached skill level 3 in Short Blades
   107 | D:2      | Reached XP level 2. HP: 16/16 MP: 3/3
   137 | D:2      | Reached XP level 3. HP: 19/19 MP: 2/4
   158 | D:2      | Noticed Natasha
   170 | D:2      | Killed Natasha
   171 | D:2      | Reached skill level 4 in Short Blades
   175 | D:2      | Noticed Natasha
   225 | D:2      | Gained mutation: Your natural rate of healing is unusually
                  | fast. [Vine Stalker growth]
   225 | D:2      | Reached XP level 4. HP: 21/23 MP: 3/5
   229 | D:2      | Killed Natasha
   294 | D:2      | Reached skill level 5 in Short Blades
   324 | D:3      | Reached XP level 5. HP: 27/27 MP: 6/6
   328 | D:3      | Reached ** piety under Trog
   341 | D:3      | Found a snail-covered altar of Cheibriados.
   431 | D:4      | Noticed Sigmund
   437 | D:4      | Killed Sigmund
   438 | D:4      | Reached skill level 6 in Short Blades
   438 | D:4      | Reached XP level 6. HP: 32/32 MP: 5/7
   468 | D:5      | Entered Level 5 of the Dungeon
   567 | D:6      | Reached skill level 7 in Short Blades
   567 | D:6      | Reached XP level 7. HP: 35/35 MP: 6/8
   652 | D:6      | Noticed a vampire mosquito
   657 | D:6      | Noticed a steam dragon
   666 | D:6      | Killed a vampire mosquito
   682 | D:6      | Killed a steam dragon
   683 | D:6      | Reached skill level 8 in Short Blades
   701 | D:6      | Gained mutation: You have razor-sharp teeth. [Vine Stalker
                  | growth]
   701 | D:6      | Reached XP level 8. HP: 36/39 MP: 7/9
   753 | D:7      | Found an iron altar of Okawaru.
   830 | D:7      | Reached skill level 9 in Short Blades
   843 | D:7      | Found a huge runed translucent gate.
   846 | D:7      | Noticed a polar bear
   846 | D:7      | Noticed a dream sheep
   847 | D:7      | Noticed a death yak
   847 | D:7      | Found a huge runed translucent gate.
   847 | D:7      | Found a huge runed translucent gate.
   847 | D:7      | Found a huge runed translucent gate.
   847 | D:7      | Noticed a yak
   847 | D:7      | Noticed a manticore
   847 | D:7      | Noticed a wyvern
   848 | D:7      | Noticed a yak
  1047 | D:8      | Reached skill level 10 in Short Blades
  1218 | D:8      | Reached skill level 11 in Short Blades
  1433 | D:8      | Reached skill level 12 in Short Blades
  1450 | D:8      | Reached XP level 9. HP: 37/43 MP: 10/10
  1543 | D:8      | Reached *** piety under Trog
  1665 | D:9      | Noticed a hornet
  1679 | D:9      | HP: 16/64 [poisoned by a hornet]
  1683 | D:9      | Killed a hornet
  1684 | D:9      | Reached skill level 3 in Fighting
  1684 | D:9      | HP: 14/66 [poisoned by a hornet]
  1792 | D:9      | Found a sparkling altar of Nemelex Xobeh.
  1792 | D:9      | Found an opulent altar of Gozag.
  1854 | D:9      | Reached skill level 4 in Fighting
  1859 | D:9      | HP: 15/67 [killer bee (5)]
  1862 | D:9      | HP: 6/69 [killer bee (6)]
  1865 | D:9      | HP: 2/69 [poisoned by a killer bee]
  1868 | D:9      | Succumbed to a killer bee's poison

Vanquished Creatures
  A hornet (D:9)
  Sigmund (D:4)
  A steam dragon (D:6)
  A vampire mosquito (D:6)
  A black bear (D:8)
  An orc warrior (D:8)
  A sky beast (D:8)
  A centaur (D:9)
  A phantom (D:6)
  2 bullfrogs
  A gnoll sergeant (D:8)
  10 killer bees
  2 howler monkeys
  2 orc priests (D:8)
  2 hounds
  A jelly (D:4)
  A gnoll bouda (D:8)
  An iguana (D:5)
  A sleepcap (D:8)
  6 orc wizards
  Natasha (twice) (D:2)
  9 gnolls
  4 adders
  A shadow imp (D:6)
  A white imp (D:8)
  A worm (D:3)
  14 orcs
  2 bats
  An endoplasm (D:1)
  A giant cockroach (D:2)
  2 goblins
  2 hobgoblins
  4 jackals (D:3)
  3 quokkas
  2 ball pythons
  A frilled lizard (D:2)
  A kobold (D:4)
  2 rats (D:2)
91 creatures vanquished.

Vanquished Creatures (others)
  5 plants (D:6)
5 creatures vanquished.

Grand Total: 96 creatures vanquished

Table legend:
 A = Non-vault XP
 B = Vault XP
 C = Vault XP percentage of total XP
 D = Non-vault monster count
 E = Vault monster count
 F = Vault count percentage of total count
                 A         B        C        D         E       F
            +---------+---------+-------+---------+---------+-------
      Total |    2644 |     711 |  21.2 |      83 |       8 |   8.8
            +---------+---------+-------+---------+---------+-------
        D:1 |      11 |       0 |   0.0 |       6 |       0 |   0.0
        D:2 |     118 |      35 |  22.9 |      14 |       1 |   6.7
        D:3 |      10 |       5 |  33.3 |       5 |       1 |  16.7
        D:4 |     103 |     247 |  70.6 |       8 |       1 |  11.1
        D:5 |      52 |       0 |   0.0 |       2 |       0 |   0.0
        D:6 |     245 |     424 |  63.4 |       5 |       5 |  50.0
        D:7 |      89 |       0 |   0.0 |       5 |       0 |   0.0
        D:8 |    1331 |       0 |   0.0 |      30 |       0 |   0.0
        D:9 |     685 |       0 |   0.0 |       8 |       0 |   0.0
            +---------+---------+-------+---------+---------+-------

Skill      XL: |  1  2  3  4  5  6  7  8  9 |
---------------+----------------------------+-----
Short Blades   | 3 4 5 6 7 8 12 | 12.8
Fighting       | 4 |  4.7
Armour         | |  1.5
Dodging        | |  1.5

Action                     |  1- 3 |  4- 6 |  7- 9 || total
---------------------------+-------+-------+-------++-------
  Melee: Short sword       |    46 |   143 |   347 ||   536
         Bite              |     9 |    45 |    86 ||   140
         Punch             |       |     1 |     3 ||     4
 Invoke: Berserk           |     2 |     1 |     7 ||    10
         Trog's Hand       |       |       |     3 ||     3
  Evoke: Wand              |       |       |     1 ||     1
    Use: Scroll            |       |       |     3 ||     3
 Armour: Plate armour      |    28 |    71 |   176 ||   275
         Animal skin       |     4 |       |       ||     4
  Dodge: Dodged            |    19 |    30 |    83 ||   132

Illustrated notes

Table legend:
 A = Kills in this place as a percentage of kills in the entire game.
 B = Kills by you in this place as a percentage of kills by you in the entire game.
 C = Kills by friends in this place as a percentage of kills by friends in the entire game.
 D = Other kills in this place as a percentage of other kills in the entire game.
 E = Experience gained in this place as a percentage of experience gained in the entire game.
 F = Experience gained in this place divided by the number of levels of this place that you have seen.
                   A       B       C       D       E      F
               +-------+-------+-------+-------+-------+----------------------
         Total | 100.0 | 100.0 |   N/A |   N/A | 100.0 | 372.8
       Dungeon | 100.0 | 100.0 |   N/A |   N/A | 100.0 | 372.8
               +-------+-------+-------+-------+-------+----------------------

Table legend: (Time is in decaauts)
 A = Elapsed time spent in this place.
 B = Non-inter-level travel time spent in this place.
 C = Inter-level travel time spent in this place.
 D = Time resting spent in this place.
 E = Time spent auto-exploring this place.
 F = Levels seen in this place.
 G = Mean time per level.
                   A        B        C        D        E       F      G
               +--------+--------+--------+--------+--------+-----+--------+
         Total |   1729 |   1572 |    157 |     13 |      0 |   9 |  192.1 |
       Dungeon |   1729 |   1572 |    157 |     13 |      0 |   9 |  192.1 |
               +--------+--------+--------+--------+--------+-----+--------+

Top non-repeatable levels by time:
     D:8: 582 daAuts
     D:9: 238 daAuts
     D:7: 213 daAuts
     D:2: 184 daAuts
     D:6: 168 daAuts
     D:1: 125 daAuts
     D:4: 99 daAuts
     D:5: 74 daAuts
     D:3: 43 daAuts
